 Dungeon Crawl Stone Soup version 0.26-a0-663-g36e8fdb655 (webtiles) character file.

Game seed: 7309104326468784243

14 halkony2012 the Chiller (level 2, 1/20 HPs)
             Began as a Draconian Ice Elementalist on Oct 11, 2020.
             Quit the game on level 1 of the Dungeon.
             The game lasted 00:02:48 (332 turns).

halkony2012 the Chiller (Draconian Ice Elementalist) Turns: 332, Time: 00:02:48

Health: 1/20       AC:  4    Str: 10    XL:     2   Next: 27%
Magic:  0/5        EV: 12    Int: 15    God:
Gold:   0          SH:  0    Dex: 11    Spells: 4/5 levels left

rFire    . . .     SeeInvis .   b - +0 spear
rCold    . . .     Faith    .   (no shield)
rNeg     . . .     Spirit   .   (armour unavailable)
rPois    .         Reflect  .   (helmet restricted)
rElec    .         Harm     .   (no cloak)
rCorr    .         Rampage  .   (no gloves)
MR       .....                  (no boots)
Stlth    ++........             (no amulet)
HPRegen  0.06/turn              (no ring)
MPRegen  0.09/turn              (no ring)

@: no status effects
A: unfitting armour, cold-blooded, AC +4
a: no special abilities


You were on level 1 of the Dungeon.
You visited 1 branch of the dungeon, and saw 1 of its levels.

Inventory:

Hand Weapons
 b - a +0 spear (weapon)
Potions
 a - a potion of flight {unknown}
 c - a potion of berserk rage {unknown}


   Skills:
 + Level 1.8 Dodging
 + Level 2.0 Stealth
 + Level 2.1 Spellcasting
 + Level 4.3 Ice Magic


You had 4 spell levels left.
You knew the following spells:

 Your Spells              Type           Power        Failure   Level
a - Freeze                Ice            ##..         3%          1

Your spell library contained the following spells:

 Spells                   Type           Power        Failure   Level
 Frozen Ramparts          Ice            ##....       11%         3
 Ozocubu's Armour         Ice            ##......     11%         3
 Hailstorm                Conj/Ice       #.......     65%         4
 Summon Ice Beast         Ice/Summ       #.......     65%         4


Dungeon Overview and Level Annotations

Branches:
Dungeon (1/15)

Altars:


Innate Abilities, Weirdness & Mutations

Your plain brown scales are hard. (AC +4)
You cannot fit into any form of body armour.
You are cold-blooded and may be slowed by cold attacks.


Message History

You don't have enough magic to cast that spell.
Unknown command.
The gnoll hits you with a +0 spear!
Ouch! That really hurt!
* * * LOW HITPOINT WARNING * * *
The gnoll closely misses you. The gnoll barely misses you.
Casting: Freeze (safe; 3% risk of failure)
Confirm with . or Enter, or press ? or * to list all spells.
Aiming: Freeze (safe; 3% risk of failure)
Press: ? - help, Shift-Dir - straight line, f/p - gnoll
Aim: a gnoll, wielding a +0 spear (heavily wounded)
You freeze the gnoll.
The gnoll is severely wounded.
The gnoll barely misses you.
Casting: Freeze (safe; 3% risk of failure)
Confirm with . or Enter, or press ? or * to list all spells.
You don't have enough magic to cast that spell.
Unknown command.
Are you sure you want to abandon this character and quit the game? (Confirm with "yes".)

##.......## #≈≈≈≈≈≈≈≈≈≈≈≈
#.........# #≈≈≈≈≈.....≈≈
#........[# #≈≈....≈≈≈...
#.........# ###≈...≈≈≈.≈≈≈.
#........># #.....≈≈≈.<..≈†
#....^....# #.#≈...≈≈≈.≈≈≈.
##.......## ###.#≈≈....≈≈≈...
#.........# ###...#≈≈≈≈≈.....≈≈
#..)......####g@.#.#≈≈≈≈≈≈≈.≈≈≈≈
#..................########.####
#...................÷.......#
#...(..............##########
##.................#
#.................#
......#...........[##
....#.........#...##
............###..##


You could see a gnoll.

Vanquished Creatures
  An ooze (D:1)
  A leopard gecko (D:1)
  2 hobgoblins (D:1)
  2 jackals (D:1)
  A bat (D:1)
  A frilled lizard (D:1)
8 creatures vanquished.

Notes
Turn   | Place    | Note
-------+----------+-------------------------------------------
     0 | D:1      | halkony2012 the Draconian Ice Elementalist began the quest
                  | for the Orb.
     0 | D:1      | Reached XP level 1. HP: 14/14 MP: 3/3
   246 | D:1      | Reached XP level 2. HP: 19/20 MP: 0/5
   316 | D:1      | HP: 1/20 [gnoll/+0 spear (10)]
   332 | D:1      | Quit the game

Illustrated notes

Levels and vault maps discovered:
D:1:      dpeg_arrival_shrine, layout_rooms, minmay_pentomino_z2

Skill      XL: |  1 |
---------------+----+-----
Stealth        | 2 |  2.0
Dodging        | |  1.8
Spellcasting   | |  2.1
Ice Magic      | |  4.3

Action                   || total
-------------------------++-------
Melee: Spear             ||     6
       Tailslap          ||     1
 Cast: Freeze            ||    19
Armor: Skin              ||    10
Dodge: Dodged            ||    25

Table legend: (Time is in decaauts)
 A = Elapsed time spent in this place.
 B = Non-inter-level travel time spent in this place.
 C = Inter-level travel time spent in this place.
 D = Time resting spent in this place.
 E = Time spent auto-exploring this place.
 F = Levels seen in this place.
 G = Mean time per level.
                   A        B        C        D        E       F      G
               +--------+--------+--------+--------+--------+-----+--------+
         Total |    332 |    332 |      0 |     73 |     96 |   1 |  332.0 |
       Dungeon |    332 |    332 |      0 |     73 |     96 |   1 |  332.0 |
               +--------+--------+--------+--------+--------+-----+--------+

Top non-repeatable levels by time:
     D:1: 332 daAuts
